 Dungeon Crawl Stone Soup version 0.27.1 (webtiles) character file.

Game seed: 13072102603229883943

352 Kala the Ruffian (level 6, 0/47 HPs)
             Began as a Draconian Transmuter on Sept 1, 2021.
             Was an Initiate of Okawaru.
             Succumbed to a killer bee's poison
             ... on level 5 of the Dungeon.
             The game lasted 00:18:09 (4788 turns).

Kala the Ruffian (Draconian Transmuter)             Turns: 4788, Time: 00:18:10

Health: 0/47       AC:  6    Str: 13    XL:     6   Next: 34%
Magic:  11/11      EV: 12    Int: 14    God:    Okawaru [......]
Gold:   174        SH:  0    Dex: 12    Spells: 6/12 levels left

rFire    . . .     SeeInvis .     - Unarmed
rCold    . . .     Faith    .   (no shield)
rNeg     . . .     Spirit   .   (armour unavailable)
rPois    .         Reflect  .   (helmet currently unavailable)
rElec    .         Harm     .   (no cloak)
rCorr    .         Rampage  .   (no gloves)
Will     .....                  (boots currently unavailable)
Stlth    +.........             (no amulet)
HPRegen  0.15/turn              (no ring)
MPRegen  0.12/turn              (no ring)

@: lethally poisoned (0 -> -1), about to teleport, appendages (expiring)
A: horns 2, talons 2, AC +6, unfitting armour, cold-blooded
a: End Transformation, Renounce Religion


You were on level 5 of the Dungeon.
You worshipped Okawaru.
Okawaru was noncommittal.
You had temporarily grown beastly horns and talons.
You visited 1 branch of the dungeon, and saw 5 of its levels.

You collected 174 gold pieces.

Inventory:

Wands
 c - a wand of acid (6)
 d - a wand of flame (6)
 e - a wand of polymorph (11)
Scrolls
 g - 2 scrolls of identify
 i - a scroll of silence {unknown}
 l - a scroll of enchant armour
 m - a scroll of magic mapping {unknown}
Potions
 b - a potion of mutation {unknown}
 f - 2 potions of attraction {unknown}
 j - a potion of heal wounds {unknown}
 k - a potion of cancellation {unknown}
 n - a potion of brilliance {unknown}
 o - a potion of lignification {unknown}


   Skills:
 + Level 1.4 Fighting
 + Level 2.9 Dodging
 + Level 0.8 Stealth
 + Level 4.8 Unarmed Combat
 * Level 3.8 Spellcasting
 + Level 2.9 Transmutations


You had 6 spell levels left.
You knew the following spells:

 Your Spells              Type           Power      Damage    Failure   Level
a - Beastly Appendage     Tmut           20%        N/A       6%          1
b - Wereblood             Tmut           10%        N/A       9%          2
c - Spider Form           Tmut/Pois      3%         N/A       32%         3

Your spell library contained the following spells:

 Spells                   Type           Power      Damage    Failure   Level
 Passwall                 Tmut/Erth      5%         N/A       16%         2
 Corona                   Hex            2%         N/A       21%         1
 Ensorcelled Hibernation  Hex/Ice        4%         N/A       30%         2
 Swiftness                Air            2%         N/A       52%         3
 Tukima's Dance           Hex            2%         N/A       52%         3
 Ice Form                 Ice/Tmut       6%         N/A       71%         4
 Airstrike                Air            1%         N/A       89%         4
 Summon Lightning Spire   Summ/Air       2%         N/A       89%         4
 Lightning Bolt           Conj/Air       1%         1d12      99%         5
 Invisibility             Hex            1%         N/A       100%        6


Dungeon Overview and Level Annotations

Branches:
Dungeon (5/15)             Temple (0/1) D:4

Altars:
Fedhas
Kikubaaqudgha
Okawaru
Zin
The Shining One

Shops:
D:3 (   D:4 [


Innate Abilities, Weirdness & Mutations

You have temporarily grown beastly horns and talons.
Your plain brown scales are hard. (AC +6)
You cannot fit into any form of body armour.
You are cold-blooded and may be slowed by cold attacks.


Message History

You headbutt the killer bee, but do no damage.
The killer bee stings you.
You are poisoned.
The killer bee poisons you!
The killer bee stings you but does no damage.
You closely miss the killer bee. Your headbutt misses the killer bee.
You feel very sick. The killer bee closely misses you.
The killer bee stings you!
* * * LOW HITPOINT WARNING * * *
You are lethally poisoned!
The killer bee poisons you!
You feel better. The killer bee stings you!
* * * LOW HITPOINT WARNING * * *
You are poisoned.
The killer bee poisons you!
The killer bee stings you but does no damage.
You closely miss the killer bee.
You feel sick.
The killer bee stings you but does no damage.
The killer bee misses you.
You miss the killer bee. Your kick misses the killer bee.
Your headbutt misses the killer bee.
Your tail-slap misses the killer bee.
You feel sick. The killer bee closely misses you.
The killer bee barely misses you.
You closely miss the killer bee. You headbutt the killer bee.
The killer bee is lightly wounded.
You feel sick. The killer bee misses you.
You closely miss the killer bee. Your kick misses the killer bee.
The killer bee is lightly wounded.
Your transformation is almost over.
The killer bee misses you. The killer bee stings you.
* * * LOW HITPOINT WARNING * * *
Okay, then.
As you read the scroll of teleportation, it crumbles to dust.
You feel strangely unstable.
You feel sick. The killer bee stings you.
* * * LOW HITPOINT WARNING * * *
The killer bee stings you but does no damage.
* * * LOW HITPOINT WARNING * * *
You feel sick.
The killer bee stings you but does no damage.
You die...

#..# #
##..###.#
:......##
##y......#
##.y# ##.yy##
# ##.###y## .#
########.##
##.##..#
#........#
#.@...#
#.######.##
#.###.#
##.###.##
.########[..#
......รท..#.##
########.#.#
#.#.#
##########.#.#
..##.........#


You could see 4 killer bees.

Vanquished Creatures
  A black bear (D:5)
  A killer bee (D:5)
  A crimson imp (D:4)
  A hound (D:4)
  An iguana (D:5)
  A howler monkey skeleton (D:5)
  3 adders
  A white imp (D:4)
  An ufetubus (D:4)
  2 adder skeletons (D:4)
  A worm (D:2)
  3 dart slugs
  7 orcs (D:3)
  6 ball pythons
  4 endoplasms
  3 giant cockroaches
  4 goblins
  4 hobgoblins
  6 kobolds
  3 quokkas
  A bat (D:3)
  6 frilled lizards
  A goblin skeleton (D:4)
  4 hobgoblin zombies (D:4)
  2 kobold skeletons (D:4)
  An orc skeleton (D:4)
  An orc zombie (D:4)
  3 rats
73 creatures vanquished.

Vanquished Creatures (others)
  A plant (D:3)
1 creature vanquished.

Grand Total: 74 creatures vanquished

Notes
Turn   | Place    | Note
-------+----------+-------------------------------------------
     0 | D:1      | Kala the Draconian Transmuter began the quest for the Orb.
     0 | D:1      | Reached XP level 1. HP: 16/16 MP: 3/3
   237 | D:1      | Reached XP level 2. HP: 23/23 MP: 3/5
   340 | D:1      | You fall into a shaft and drop 1 floor!
   758 | D:2      | Reached XP level 3. HP: 24/28 MP: 3/6
  1787 | D:3      | Learned a level 2 spell: Wereblood
  1802 | D:3      | Reached XP level 4. HP: 24/35 MP: 6/8
  2046 | D:3      | Found Woih's Antique Weapon Boutique.
  2144 | D:3      | Found a glowing silver altar of Zin.
  2720 | D:4      | Found Ciaroh's Armour Emporium.
  2751 | D:4      | Found an iron altar of Okawaru.
  2757 | D:4      | Became a worshipper of Warmaster Okawaru
  3030 | D:4      | Found an ancient bone altar of Kikubaaqudgha.
  3031 | D:4      | Found a blossoming altar of Fedhas.
  3353 | D:4      | Found a glowing golden altar of the Shining One.
  3412 | D:4      | Reached skill level 4 in Unarmed Combat
  3412 | D:4      | Reached XP level 5. HP: 15/40 MP: 8/10
  4047 | D:4      | Found a staircase to the Ecumenical Temple.
  4337 | D:5      | Entered Level 5 of the Dungeon
  4519 | D:5      | Learned a level 3 spell: Spider Form
  4536 | D:5      | Noticed a black bear
  4545 | D:5      | Killed a black bear
  4546 | D:5      | Reached XP level 6. HP: 15/47 MP: 9/11
  4786 | D:5      | HP: 2/47 [killer bee (3)]
  4788 | D:5      | Succumbed to a killer bee's poison

Illustrated notes

Levels and vault maps discovered:
D:1:      dpeg_arrival_subterranean_lakeside_camping, layout_basic,
          dilly_ecumenical_altar_fadedgnrine
D:2:      layout_rooms, serial_co_window_serial, co_window_paths_b,
          co_window_cross_1, co_window_paths_b, co_window_corner_a,
          co_window_corner_a, co_window_paths_a, co_window_of_opportunity_a,
          co_window_cross_2, co_window_broadway_c, co_window_unsneaky_path_e,
          co_window_of_opportunity_b, glass_columns_c, glass_columns_a
D:3:      layout_basic, mainiacjoe_overflow_24_doors, serial_shops,
          nicolae_shop_overgrown_old_shop, nrook_loot_triangle
D:4:      layout_loops_corners, grunt_temple_overflow_growth_and_decay,
          okawaru_ov_weapons_minmay, nicolae_tso_besieged_by_evil,
          minmay_temple_entry_butterflies, serial_shops, nicolae_shop_crystal
D:5:      layout_loops_ring, nicolae_elyvilon_peaceful_grove, uniq_edmund

Skill      XL: |  1  2  3  4 |
---------------+-------------+-----
Dodging        | 2 |  2.9
Spellcasting   | 3 |  3.8
Unarmed Combat | 4 |  4.8
Fighting       | |  1.4
Stealth        | |  0.8
Transmutations | |  2.9

Action                   |  1- 3 |  4- 6 || total
-------------------------+-------+-------++-------
Melee: Unarmed           |   125 |   153 ||   278
       Tailslap          |    16 |    12 ||    28
       Punch             |     4 |     2 ||     6
       Kick              |    12 |    29 ||    41
       Headbutt          |     7 |    24 ||    31
 Cast: Beastly Appendage |    18 |    21 ||    39
       Wereblood         |       |     1 ||     1
  Use: Scroll            |     3 |     3 ||     6
       Potion            |       |     1 ||     1
 Stab: Sleeping          |     2 |       ||     2
Armor: Skin              |    30 |    33 ||    63
Dodge: Dodged            |    76 |   103 ||   179
